 Dungeon Crawl Stone Soup version 0.21.1-1-g345015f (webtiles) character file.

59 Iko the Chiller (level 4, 0/34 HPs)
             Began as a Ghoul Ice Elementalist on May 12, 2018.
             Killed from afar by an orc wizard (5 damage)
             ... with a magic dart
             ... on level 4 of the Dungeon.
             The game lasted 00:11:41 (596 turns).

Iko the Chiller (Ghoul Ice Elementalist)             Turns: 596, Time: 00:11:42

Health: 0/34       AC:  4    Str: 11    XL:     4   Next: 3%
Magic:  3/6        EV: 11    Int: 10    God:
Gold:   80         SH:  0    Dex: 10    Spells: 4/7 levels left

rFire    + . .     SeeInvis .   a - +0 dagger
rCold    + + .     Gourm    .   (no shield)
rNeg     + + +     Faith    .   e - +1 leather armour
rPois    ∞         Spirit   .   (no helmet)
rElec    .         Reflect  .   d - scarf {rC+ rF+}
rCorr    .         Harm     .   (no gloves)
MR       .....                  (no boots)
Stlth    ++........             (no amulet)
HPRegen  0.00/turn              (no ring)
MPRegen  0.10/turn              (no ring)

@: rotting
A: rotting body, claws 1, carnivore, cold resistance 1, negative energy
resistance 3, inhibited regeneration, torment resistance, unbreathing
a: no special abilities


You were on level 4 of the Dungeon.
You were not hungry.

You visited 1 branch of the dungeon, and saw 4 of its levels.

You collected 80 gold pieces.

Inventory:

Hand Weapons
 a - a +0 dagger (weapon)
Armour
 d - a scarf of resistance (worn)
 e - a +1 leather armour (worn)
Books
 b - a book of Frost

   Spells                             Type                      Level
   a - Freeze                         Ice                          1
   b - Throw Frost                    Conjuration/Ice              2
   c - Ozocubu's Armour               Charms/Ice                   3
   d - Throw Icicle                   Conjuration/Ice              4
   e - Summon Ice Beast               Ice/Summoning                4
Comestibles
 c - a ration


   Skills:
 + Level 0.4 Fighting
 + Level 0.8 Short Blades
 + Level 0.9 Armour
 + Level 1.9 Dodging
 + Level 2.3 Stealth
 + Level 2.4 Spellcasting
 + Level 0.7 Conjurations
 + Level 4.0 Ice Magic


You had 4 spell levels left.
You knew the following spells:

 Your Spells              Type           Power        Failure   Level  Hunger
a - Freeze                Ice            #...         8%          1    ##.....
b - Throw Frost           Conj/Ice       #.....       22%         2    ###....


Dungeon Overview and Level Annotations

Branches:
Dungeon (4/15)
 Temple: D:4-7

Altars:


Innate Abilities, Weirdness & Mutations

Your body is rotting away.
You thrive on raw meat.
You are immune to poison.
You have sharp fingernails.
You are carnivorous and can eat meat at any time.
Your flesh is cold resistant. (rC+)
You are immune to negative energy. (rN+++)
You do not regenerate when monsters are visible.
You are immune to unholy pain and torment.
You can survive without breathing.


Message History

You miss something. You hit the orc.
The orc is lightly wounded.
You hear some strange, mumbled words.
A magic dart appears from out of thin air!
The magic dart hits you!
* * * LOW HITPOINT WARNING * * *
Something hits you but does no damage.
You eat the chunk of flesh.
This raw flesh tastes great!
Casting: Freeze
Confirm with . or Enter, or press ? or * to list all spells.
Okay, then.
You barely miss something. Something hits you.
* * * LOW HITPOINT WARNING * * *
You hit something but do no damage.
You hear some strange, mumbled words.
Something tries to affect you, but you resist.
A magic dart appears from out of thin air!
The magic dart hits you!
You die...

....#..........# ##.#
....#........#####..#
.....######...##.... ....#
#.......⌠. ##..#
####...##....
###...####.......##..#
###.....##........).##.#
###....................#+#
##........@...............#
##.......##..##............#
#...........####...........#
##........o.# ###.........#
#...#####.o# ###......##
###..# ##.# ######## ##...#
#.## #....## #.)# #.....#
##.#


You could see 2 orcs.

Vanquished Creatures
  An orc wizard (D:4)
  An adder (D:3)
  2 leopard geckos
  2 orcs (D:4)
  2 bats (D:3)
  2 goblins (D:1)
  3 jackals (D:2)
  3 kobolds
  2 rats
18 creatures vanquished.

Notes
Turn   | Place    | Note
-------+----------+-------------------------------------------
     0 | D:1      | Iko the Ghoul Ice Elementalist began the quest for the Orb.
     0 | D:1      | Reached XP level 1. HP: 14/14 MP: 2/2
   205 | D:2      | Reached XP level 2. HP: 11/20 MP: 2/4
   380 | D:3      | Reached XP level 3. HP: 18/26 MP: 3/5
   446 | D:4      | Learned a level 2 spell: Throw Frost
   570 | D:4      | Reached skill level 4 in Ice Magic
   570 | D:4      | Reached XP level 4. HP: 9/34 MP: 0/6
   596 | D:4      | Killed from afar by an orc wizard

Skill      XL: |  1  2  3 |
---------------+----------+-----
Spellcasting   | 2 |  2.4
Ice Magic      | 4 |  4.0
Fighting       | |  0.4
Short Blades   | |  0.8
Armour         | |  0.9
Dodging        | |  1.9
Stealth        | |  2.3
Conjurations   | |  0.7

Action                   |  1- 3 |  4- 6 || total
-------------------------+-------+-------++-------
Melee: Unarmed           |     8 |       ||     8
       Dagger            |    84 |     7 ||    91
 Cast: Freeze            |    15 |       ||    15
       Throw Frost       |     3 |       ||     3
  Use: Scroll            |     3 |       ||     3
       Potion            |     2 |       ||     2
  Eat: Chunk             |    10 |     3 ||    13
Armor: Leather armour    |    41 |     2 ||    43
       Robe              |     1 |       ||     1
Dodge: Dodged            |    63 |     4 ||    67
